Map: Void Launch

Players

merodeador

  • Race: Zerg Zerg

Ultrajante

  • Race: Zerg Zerg
  • Spawn Location: 6:00

VOD

Have the link to the VOD?

Description

Time

  • Played on: Feb. 26, 2025, 7:20 p.m.
  • Length: 24:12
Show
View Real Time Build Order
Export as new Build Order

merodeador Zerg 

Build Orders:  

Get SALT Encoding   

  18  0:12  Primal Drone x2  
  20  0:24  Primal Drone  
  20  0:25  Primal Drone  
  22  0:39  Primal Drone  
  23  0:50  Primal Drone  
  23  0:52  Extractor  
  23  0:55  Extractor  
  24  1:04  Unknown  
  24  1:48  Primal Drone x3  
  27  1:58  Primal Warden  
  27  1:59  Primal Warden  
  29  2:11  Primal Drone  
  29  2:12  Primal Drone  
  31  2:27  Primal Drone  
  32  3:02  Primal Zergling x2  
  34  3:15  Glevig's Den  
  34  3:17  Primal Drone x3  
  36  3:21  Primal Zergling x2  
  36  3:25  Ravasaur  
  36  3:54  Ravasaur  
  36  4:07  Primal Drone x3  
  36  4:09  Primal Attacks Level 1  
  39  4:15  Primal Zergling x4  
  39  4:16  Primal Zergling x2  
  39  4:18  Primal Zergling  
  39  4:19  Primal Zergling  
  47  4:24  Primal Drone  
  48  4:38  Ravasaur x3  
  48  4:39  Ravasaur  
  48  5:07  Primal Hive  
  53  5:14  Murvar's Den  
  52  5:28  Primal Drone x2  
  52  5:29  Primal Drone x2  
  56  5:36  Primal Hydralisk  
  58  5:44  Primal Hydralisk  
  60  6:29  Primal Hydralisk  
  62  6:30  Primal Hydralisk x4  
  70  6:49  Primal Carapace Level 1  
  70  7:14  Primal Drone x3  
  70  7:15  Primal Drone  
  70  7:19  Extractor  
  74  7:20  Extractor  
  74  8:02  Primal Drone  
  74  8:03  Primal Drone x2  
  77  8:21  Dakrun's Den  
  76  8:59  Primal Swarm Host  
  79  9:00  Primal Swarm Host x4  
  79  9:01  Primal Swarm Host x4  
  103  9:30  Aerial Burst Sacs  
  103  10:10  Unknown x2  
  99  11:09  Primal Swarm Host  
  102  11:10  Primal Ultralisk  
  102  11:11  Primal Ultralisk x4  
  102  11:12  Primal Ultralisk x2  
  132  12:34  Brutal Charge  
  132  12:40  Slicing Glave  
  132  12:48  Tenderize  
  132  13:11  Primal Ultralisk  
  132  13:14  Primal Hydralisk  
  140  13:34  Healing Adaptation  
  140  13:36  Primal Attacks Level 2  
  140  13:40  Shifting Carapace  
  140  13:48  Muscular Augments  
  140  14:34  Impaling Strike  
  140  14:40  Primal Reconstitution  
  140  14:48  Concentrated Fire  
  140  15:34  Barrage of Spikes  
  140  16:08  Primal Ultralisk  
  140  16:09  Primal Ultralisk  
  149  16:10  Primal Hydralisk x3, Primordial Fury  
  149  16:11  Primal Hydralisk x5  
  165  16:34  Tyrant's Protection  
  165  16:49  Unknown  
  104  17:10  Explosive Spores  
  162  17:56  Primal Attacks Level 3  
  162  18:00  Primal Carapace Level 2  
  162  18:05  Dissolving Acid  
  162  19:05  Enlarged Parotid Glands  
  162  19:50  Primal Hydralisk x4  
  162  19:51  Primal Hydralisk x4  
  162  19:52  Primal Hydralisk x2  
  182  20:05  Glial Reconstitution  
  182  20:25  Primal Mutalisk x3  
  182  20:26  Primal Mutalisk x2  
  172  21:25  Primal Hydralisk  
  172  21:26  Primal Hydralisk x4  
  172  21:27  Primal Hydralisk x5  
  192  23:30  Primal Mutalisk x2  
  192  23:31  Primal Mutalisk x2  
  192  23:32  Primal Mutalisk  
  192  23:36  Primal Hydralisk x2  
  192  23:37  Primal Hydralisk x4  
Show
View Real Time Build Order
Export as new Build Order

Ultrajante Zerg 

Build Orders:  

Get SALT Encoding   

  12  0:03  Drone  
  13  0:15  Drone  
  14  0:32  Overlord  
  14  0:38  Extractor  
  14  0:39  Drone  
  14  1:05  Drone  
  14  1:06  Drone x2  
  17  1:24  Drone  
  18  1:30  Extractor  
  18  1:34  Drone, Spawning Pool  
  17  1:43  Evolution Chamber  
  17  1:48  Drone  
  17  2:02  Drone  
  18  2:13  Lair  
  18  2:26  Heroic Fortitude  
  18  2:27  Drone  
  19  2:49  Drone x2  
  21  3:08  Drone  
  22  3:15  Hive  
  22  3:24  Chain Reaction  
  22  3:31  Overlord  
  22  4:06  Drone x2  
  22  4:07  Drone  
  25  4:17  Spire  
  24  4:20  Drone  
  25  5:00  Ability Efficiency  
  25  5:41  Drone x5  
  30  7:19  Overlord x5  
  30  7:20  Overlord  
  30  7:22  Overseer x2  
  30  7:52  Unknown  
  30  7:53  Unknown  
  30  8:47  Unknown, Rapid Regeneration  
  30  9:13  Mutalisk  
  30  9:14  Mutalisk x5  
  42  9:23  Zerg Flyer Weapons Level 1  
  42  9:28  Hatchery x3  
  39  9:35  Mutalisk  
  39  10:55  Mutalisk  
  39  10:56  Mutalisk x8  
  39  10:57  Mutalisk x2  
  39  10:59  Zerg Flyer Armor Level 1  
  61  11:02  Mutalisk x4  
  69  11:12  Queen  
  71  11:39  Metabolic Boost  
  71  12:15  Shredding Claws  
  71  12:24  Drone x3  
  74  12:35  Zerg Flyer Weapons Level 2  
  74  12:45  Hatchery  
  74  12:48  Extractor x2  
  71  12:51  Drone x14  
  71  12:52  Drone x4  
  71  12:57  Drone  
  71  12:58  Drone  
  71  12:59  Drone x2  
  93  13:01  Mutalisk  
  93  13:06  Overlord  
  93  13:09  Adrenal Overload  
  95  13:18  Overlord  
  95  13:19  Overlord x3  
  95  13:29  Overseer x3  
  95  13:45  Hardened Carapace  
  95  14:14  Mutalisk  
  95  14:15  Mutalisk x12  
  121  15:13  Zerg Flyer Weapons Level 3  
  121  15:15  Mutalisk x2  
  121  15:16  Mutalisk, Zergling x2  
  121  15:17  Zergling x22  
  121  15:18  Zergling x6  
  142  15:21  Overlord  
  142  15:23  Overlord  
  142  15:44  Overseer  
  142  15:59  Zergling x4  
  142  16:02  Zergling x2  
  142  16:22  Mutalisk  
  142  16:23  Mutalisk x2, Zergling x4  
  142  16:24  Overlord x2, Zergling x6  
  142  16:25  Zergling x6, Overlord x5  
  142  16:26  Zergling x9, Overlord x2  
  142  16:27  Zergling x14  
  142  16:28  Zergling x9  
  142  16:29  Zergling x5  
  147  16:30  Zergling x13  
  147  16:31  Zergling x4  
  147  16:32  Zergling x2  
  147  16:33  Zergling x6  
  147  16:34  Zergling x6  
  147  16:35  Zergling x15  
  147  16:36  Zergling x4  
  147  16:37  Zergling x15  
  147  16:38  Zergling x7  
  147  16:39  Zergling x11  
  147  16:40  Zergling x5  
  147  16:41  Zergling x5  
  147  16:42  Zergling x3  
  147  16:43  Zergling x6  
  147  16:44  Zergling x2  
  147  16:45  Zergling x2  
  147  16:46  Zergling x5  
  147  16:47  Zergling x9  
  147  16:48  Zergling  
  147  16:49  Zergling x4  
  147  16:51  Zergling x2  
  147  16:52  Zergling x2  
  147  16:54  Zergling x3  
  147  16:55  Zergling x2  
  147  16:56  Zergling  
  147  16:57  Zergling x4  
  147  17:00  Zergling x3  
  147  17:01  Zergling x9  
  147  17:02  Zergling x4  
  142  17:10  Zergling x3  
  142  17:11  Zergling x10  
  142  17:12  Zergling x3  
  142  17:13  Zergling x7  
  142  17:14  Zergling x2  
  142  17:15  Zergling x4  
  142  17:16  Zergling x2  
  142  17:18  Zergling x2  
  142  17:19  Mutalisk  
  143  17:20  Mutalisk x2, Zergling x2  
  143  17:21  Zergling x22  
  143  17:22  Zergling x6  
  143  17:29  Zergling x2  
  163  17:30  Zergling x12  
  157  18:59  Mutalisk x4  
  115  19:00  Mutalisk x2  
  165  19:01  Zergling x16  
  165  19:02  Zergling x49  
  165  19:06  Zergling x8  
  165  19:07  Zergling x4  
  165  19:08  Zergling x2  
  165  19:09  Zergling  
  193  19:10  Zergling x2  
  193  19:13  Zergling x2  
  173  19:48  Mutalisk  
  173  19:49  Mutalisk x12  
  199  19:57  Zerg Flyer Armor Level 2  
  199  20:00  Zerg Melee Weapons Level 1  
  199  20:09  Drone  
  200  20:12  Evolution Chamber  
  199  21:16  Zergling x11  
  199  21:17  Zergling x6  
  199  21:34  Zergling x2  
  199  21:35  Zergling x7  
  199  21:36  Zergling x4  
  199  21:37  Zergling x15  
  199  21:38  Zergling x10  
  199  21:39  Zergling x18  
  131  21:40  Zergling x20  
  199  21:41  Zergling x2  
  199  21:42  Zergling x2  
  199  21:43  Zergling x2  
  199  21:44  Zergling x4  
  196  22:50  Zergling x3  
  196  22:51  Zergling  
  196  22:52  Zergling x2  
  187  23:08  Mutalisk  
  187  23:09  Mutalisk x6  
Tags
 
Add a new tag
Caveats
  • Supply blocks, unpowered buildings, or Contaminate may cause inaccurate times.
  • Supply counts are checked every 10 seconds.